General information
- name: BNet
- type: Ladder team game (AT/RT)
- host: Battle.net
- saver: MoneyShot
map: Cherryville
- players: 8
- length: 18:48
- speed: Fast
- version: 1.27 W3XP
- replay type: Public
» download(128 KB)
Players
team 1 (loser)
CarryMeMore (
red | 40 APM | 742 actions | 18:46)
4 Archmage
2 Summon Water Elemental
2 Brilliance Aura
1 Mountain King
1 Storm Bolt
» actions
| Build / train | 56 | |
| Enter build submenu | 17 | |
| Enter hero's abilities submenu | 5 | |
| Give item / drop item | 1 | |
| Right click | 335 | |
| Select / deselect | 275 | |
| Use ability | 53 | |
742 total
» units
| Peasant | 18 | |
| Footman | 9 | |
| Goblin Shredder | 1 | |
| Rifleman | 4 | |
| Sorceress | 5 | |
| Spell Breaker | 3 | |
| Knight | 1 | |
41 total
» upgrades
» buildings
| Altar of Kings | 1 | |
| Farm | 8 | |
| Barracks | 1 | |
| Arcane Vault | 1 | |
| Lumber Mill | 1 | |
| Town Hall | 2 | |
| Keep | 1 | |
| Blacksmith | 1 | |
| Arcane Sanctum | 2 | |
| Castle | 1 | |
19 total
» build order
00:13 Altar of Kings
00:16 Farm
00:37 Barracks
00:58 Farm
01:40 Farm
02:17 Farm
02:25 Farm
02:32 Arcane Vault
03:05 Farm
03:55 Lumber Mill
05:21 Town Hall
06:49 Keep
08:00 Farm
08:34 Blacksmith
08:47 Farm
09:17 Arcane Sanctum
09:21 Arcane Sanctum
10:17 Castle
10:57 Town Hall
» items
| Scroll of Regeneration | 3 | |
| Potion of Healing | 1 | |
4 total
CatVomit (
orange | 44 APM | 825 actions | 18:40)
4 Blademaster
2 Wind Walk
2 Critical Strike
» actions
| Assign group hotkey | 22 | |
| Build / train | 84 | |
| Enter build submenu | 18 | |
| Enter hero's abilities submenu | 4 | |
| Give item / drop item | 2 | |
| Right click | 327 | |
| Select / deselect | 202 | |
| Select group hotkey | 85 | |
| Use ability | 81 | |
825 total
» units
| Peon | 16 | |
| Grunt | 5 | |
| Troll Headhunter/Berserker | 9 | |
| Troll Batrider | 1 | |
| Raider | 6 | |
| Shaman | 4 | |
| Tauren | 7 | |
| Troll Witch Doctor | 3 | |
51 total
» upgrades
| Spiked Barricades | 1 | |
| Melee Weapons | 1 | |
| Berserker Strength | 1 | |
| Armor | 1 | |
| Shaman Training | 2 | |
| Ensnare | 1 | |
| Berserker Upgrade | 1 | |
| Reinforced Defenses | 1 | |
| Pulverize | 1 | |
| Pillage | 1 | |
| Witch Doctor Training | 2 | |
13 total
» buildings
| Orc Burrow | 7 | |
| Altar of Storms | 1 | |
| Barracks | 1 | |
| War Mill | 1 | |
| Voodoo Lounge | 1 | |
| Stronghold | 1 | |
| Great Hall | 1 | |
| Watch Tower | 4 | |
| Spirit Lodge | 1 | |
| Beastiary | 1 | |
| Fortress | 1 | |
| Tauren Totem | 1 | |
21 total
» build order
00:23 Orc Burrow
00:39 Altar of Storms
01:16 Barracks
01:41 Orc Burrow
02:05 War Mill
02:33 Voodoo Lounge
03:54 Orc Burrow
04:18 Stronghold
05:42 Great Hall
05:56 Orc Burrow
06:55 Watch Tower
07:09 Spirit Lodge
07:12 Beastiary
08:03 Fortress
10:34 Tauren Totem
10:43 Orc Burrow
11:04 Watch Tower
12:21 Watch Tower
12:22 Watch Tower
13:20 Orc Burrow
17:52 Orc Burrow
» items
| Healing Salve | 4 | |
| Orb of Lightning | 1 | |
| Scroll of Town Portal | 2 | |
7 total

»
NY.Yankees (
green | 45 APM | 847 actions | 18:47)
2 Death Knight
1 Death Coil
1 Unholy Aura
1 Pit Lord
1 Howl of Terror
1 Dark Ranger
1 Silence
» actions
| Assign group hotkey | 16 | |
| Build / train | 70 | |
| Enter build submenu | 20 | |
| Enter hero's abilities submenu | 4 | |
| Give item / drop item | 2 | |
| Remove unit from queue | 1 | |
| Right click | 300 | |
| Select / deselect | 212 | |
| Select group hotkey | 164 | |
| Use ability | 58 | |
847 total
» units
| Acolyte | 9 | |
| Ghoul | 6 | |
| Crypt Fiend | 7 | |
| Frost Wyrm | 7 | |
| Gargoyle | 3 | |
32 total
» upgrades
| Creature Carapace | 2 | |
| Creature Attack | 1 | |
| Web | 1 | |
4 total
» buildings
| Crypt | 1 | |
| Ziggurat | 10 | |
| Altar of Darkness | 1 | |
| Graveyard | 1 | |
| Tomb of Relics | 1 | |
| Nerubian Tower | 2 | |
| Halls of the Dead | 2 | |
| Black Citadel | 1 | |
| Sacrificial Pit | 1 | |
| Boneyard | 2 | |
22 total
» build order
00:17 Crypt
00:27 Ziggurat
00:39 Altar of Darkness
00:59 Graveyard
01:25 Ziggurat
01:29 Tomb of Relics
01:51 Nerubian Tower
04:37 Ziggurat
05:10 Ziggurat
06:01 Halls of the Dead
06:02 Halls of the Dead
08:05 Nerubian Tower
08:42 Black Citadel
09:30 Ziggurat
10:11 Sacrificial Pit
11:52 Boneyard
12:12 Ziggurat
12:15 Ziggurat
13:15 Boneyard
15:28 Ziggurat
15:34 Ziggurat
17:36 Ziggurat
» items
| Rod of Necromancy | 4 | |
| Sacrificial Skull | 2 | |
| Periapt of Vitality | 3 | |
| Scroll of Protection | 1 | |
| Potion of Lesser Invulnerability | 1 | |
| Staff of Teleportation | 1 | |
| Scroll of Town Portal | 3 | |
| Potion of Healing | 3 | |
| Orb of Corruption | 1 | |
| Circlet of Nobility | 1 | |
20 total
CougarTown (
teal | 43 APM | 798 actions | 18:43)
3 Demon Hunter
1 Immolation
1 Evasion
1 Mana Burn
1 Keeper of the Grove
1 Entangling Roots
» actions
| Assign group hotkey | 25 | |
| Build / train | 85 | |
| Enter build submenu | 25 | |
| Enter hero's abilities submenu | 4 | |
| Right click | 271 | |
| Select / deselect | 216 | |
| Select group hotkey | 127 | |
| Use ability | 45 | |
798 total
» units
| Wisp | 28 | |
| Archer | 16 | |
| Dryad | 17 | |
| Hippogryph | 6 | |
| Chimaera | 4 | |
71 total
» upgrades
| Strength of the Wild | 2 | |
| Reinforced Hides | 2 | |
| Abolish Magic | 1 | |
| Corrosive Breath | 1 | |
6 total
» buildings
| Altar of Elders | 1 | |
| Moon Well | 8 | |
| Ancient of War | 1 | |
| Hunter's Hall | 1 | |
| Tree of Life | 3 | |
| Tree of Ages | 1 | |
| Ancient of Lore | 2 | |
| Ancient of Wind | 1 | |
| Tree of Eternity | 1 | |
| Ancient Protector | 5 | |
| Ancient of Wonders | 1 | |
| Chimaera Roost | 2 | |
27 total
» build order
00:17 Altar of Elders
00:22 Moon Well
00:33 Ancient of War
01:41 Moon Well
02:14 Moon Well
03:38 Moon Well
04:19 Hunter's Hall
05:26 Moon Well
05:51 Tree of Life
06:40 Tree of Life
06:45 Moon Well
06:46 Tree of Ages
07:44 Moon Well
08:39 Tree of Life
09:18 Ancient of Lore
09:24 Ancient of Lore
10:28 Moon Well
11:34 Ancient of Wind
11:37 Tree of Eternity
13:36 Ancient Protector
13:41 Ancient Protector
13:56 Ancient Protector
14:10 Ancient Protector
14:50 Ancient of Wonders
14:58 Chimaera Roost
15:03 Chimaera Roost
16:16 Ancient Protector
team 2 (winner)
CHRONICjOKE (
purple | 72 APM | 1361 actions | 18:47)
5 Death Knight
3 Death Coil
2 Unholy Aura
2 Lich
1 Frost Nova
1 Frost Armor
2 Dark Ranger
1 Black Arrow
1 Silence
» actions
| Assign group hotkey | 19 | |
| Basic commands | 98 | |
| Build / train | 105 | |
| ESC pressed | 1 | |
| Enter build submenu | 16 | |
| Enter hero's abilities submenu | 12 | |
| Give item / drop item | 3 | |
| Right click | 616 | |
| Select / deselect | 190 | |
| Select group hotkey | 227 | |
| Use ability | 74 | |
1361 total
» units
| Acolyte | 11 | |
| Ghoul | 3 | |
| Crypt Fiend | 14 | |
| Goblin Shredder | 3 | |
| Obsidian Statue | 3 | |
| Frost Wyrm | 4 | |
38 total
» upgrades
| Creature Attack | 3 | |
| Creature Carapace | 3 | |
| Web | 1 | |
| Burrow | 1 | |
| Freezing Breath | 1 | |
9 total
» buildings
| Graveyard | 1 | |
| Crypt | 1 | |
| Ziggurat | 8 | |
| Altar of Darkness | 1 | |
| Tomb of Relics | 1 | |
| Nerubian Tower | 5 | |
| Necropolis | 1 | |
| Halls of the Dead | 3 | |
| Spirit Tower | 2 | |
| Black Citadel | 2 | |
| Sacrificial Pit | 1 | |
| Slaughterhouse | 1 | |
| Boneyard | 3 | |
30 total
» build order
00:08 Graveyard
00:10 Crypt
00:38 Ziggurat
00:57 Altar of Darkness
01:56 Ziggurat
02:02 Tomb of Relics
02:36 Nerubian Tower
02:36 Nerubian Tower
02:37 Nerubian Tower
03:49 Ziggurat
05:56 Necropolis
06:17 Halls of the Dead
06:18 Halls of the Dead
07:44 Ziggurat
07:45 Ziggurat
07:46 Ziggurat
07:46 Ziggurat
08:54 Nerubian Tower
08:56 Spirit Tower
08:56 Spirit Tower
08:56 Black Citadel
08:56 Black Citadel
09:08 Sacrificial Pit
09:09 Slaughterhouse
09:11 Ziggurat
11:44 Boneyard
11:45 Boneyard
11:47 Boneyard
» items
| Rod of Necromancy | 9 | |
| Scroll of Town Portal | 1 | |
| Potion of Healing | 2 | |
| Orb of Corruption | 1 | |
| Scroll of Healing | 2 | |
15 total
kendokhan (
blue | 44 APM | 819 actions | 18:47)
4 Dark Ranger
2 Black Arrow
2 Silence
3 Naga Sea Witch
2 Frost Arrows
1 Forked Lightning
2 Priestess of the Moon
1 Trueshot Aura
1 Searing Arrows
» actions
| Assign group hotkey | 21 | |
| Basic commands | 12 | |
| Build / train | 81 | |
| Enter build submenu | 15 | |
| Enter hero's abilities submenu | 9 | |
| Give item / drop item | 3 | |
| Right click | 385 | |
| Select / deselect | 210 | |
| Select group hotkey | 33 | |
| Use ability | 50 | |
819 total
» units
| Wisp | 20 | |
| Archer | 11 | |
| Hippogryph | 8 | |
39 total
» upgrades
| Strength of the Moon | 3 | |
| Improved Bows | 1 | |
| Hippogryph Taming | 1 | |
| Well Spring | 1 | |
| Marksmanship | 1 | |
| Moon Armor | 3 | |
| Reinforced Hides | 2 | |
| Strength of the Wild | 1 | |
| Ultravision | 1 | |
| Nature's Blessing | 1 | |
15 total
» buildings
| Moon Well | 8 | |
| Ancient of War | 1 | |
| Altar of Elders | 1 | |
| Tree of Ages | 1 | |
| Hunter's Hall | 1 | |
| Ancient of Wonders | 1 | |
| Tree of Eternity | 1 | |
| Ancient of Wind | 1 | |
| Tree of Life | 2 | |
17 total
» build order
00:14 Moon Well
00:51 Ancient of War
01:07 Altar of Elders
01:32 Moon Well
02:42 Tree of Ages
03:24 Moon Well
04:20 Hunter's Hall
04:44 Moon Well
04:47 Ancient of Wonders
05:05 Tree of Eternity
06:41 Ancient of Wind
07:35 Tree of Life
15:02 Tree of Life
15:07 Moon Well
15:08 Moon Well
17:39 Moon Well
17:46 Moon Well
» items
| Scroll of Town Portal | 3 | |
| Potion of Healing | 3 | |
| Orb of Venom | 1 | |
| Scroll of Protection | 1 | |
| Scroll of Healing | 1 | |
| Potion of Lesser Invulnerability | 1 | |
| Boots of Speed | 1 | |
11 total
clxhtm (
yellow | 66 APM | 1244 actions | 18:47)
4 Archmage
2 Summon Water Elemental
2 Brilliance Aura
2 Paladin
1 Holy Light
1 Divine Shield
2 Mountain King
1 Storm Bolt
1 Bash
» actions
| Assign group hotkey | 10 | |
| Basic commands | 58 | |
| Build / train | 103 | |
| Enter build submenu | 25 | |
| Enter hero's abilities submenu | 8 | |
| Give item / drop item | 5 | |
| Remove unit from queue | 4 | |
| Right click | 320 | |
| Select / deselect | 412 | |
| Select group hotkey | 215 | |
| Use ability | 84 | |
1244 total
» units
| Peasant | 22 | |
| Footman | 12 | |
| Mortar Team | 2 | |
| Sorceress | 8 | |
| Priest | 7 | |
| Spell Breaker | 2 | |
| Siege Engine | 1 | |
54 total
» upgrades
| Defend | 1 | |
| Masonry | 3 | |
| Lumber Harvesting | 2 | |
| Sorceress Training | 2 | |
| Priest Training | 2 | |
| Fragmentation Shards | 1 | |
| Gunpowder | 2 | |
| Barrage | 1 | |
14 total
» buildings
| Altar of Kings | 1 | |
| Farm | 10 | |
| Barracks | 1 | |
| Lumber Mill | 1 | |
| Town Hall | 1 | |
| Keep | 1 | |
| Scout Tower | 3 | |
| Arcane Vault | 1 | |
| Guard Tower | 4 | |
| Blacksmith | 1 | |
| Arcane Tower | 1 | |
| Castle | 1 | |
| Arcane Sanctum | 2 | |
| Workshop | 2 | |
30 total
» build order
00:08 Altar of Kings
00:13 Farm
00:20 Barracks
00:54 Farm
01:44 Farm
01:53 Lumber Mill
03:12 Town Hall
03:58 Farm
04:54 Farm
04:56 Keep
05:28 Scout Tower
05:31 Scout Tower
05:35 Arcane Vault
06:00 Farm
06:01 Guard Tower
06:02 Scout Tower
06:03 Guard Tower
06:18 Blacksmith
06:35 Farm
06:36 Arcane Tower
07:20 Farm
07:51 Castle
07:54 Arcane Sanctum
07:57 Arcane Sanctum
08:31 Farm
09:21 Workshop
09:25 Workshop
11:44 Guard Tower
11:46 Farm
11:49 Guard Tower
» items
| Scroll of Regeneration | 2 | |
| Scroll of Healing | 3 | |
| Scroll of Town Portal | 2 | |
| Potion of Healing | 1 | |
| Ivory Tower | 2 | |
10 total
MoneyShot (
pink | 31 APM | 588 actions | 18:48)
» actions
| Assign group hotkey | 1 | |
| Basic commands | 15 | |
| Build / train | 56 | |
| Enter build submenu | 54 | |
| Remove unit from queue | 1 | |
| Right click | 154 | |
| Select / deselect | 242 | |
| Use ability | 65 | |
588 total
» units
| Peasant | 20 | |
| Goblin Zeppelin | 2 | |
| Goblin Shredder | 1 | |
23 total
» upgrades
| Masonry | 3 | |
| Lumber Harvesting | 1 | |
| Flak Cannons | 1 | |
| Gunpowder | 1 | |
6 total
» buildings
| Scout Tower | 38 | |
| Lumber Mill | 2 | |
| Arcane Tower | 1 | |
| Guard Tower | 20 | |
| Keep | 1 | |
| Altar of Kings | 1 | |
| Castle | 1 | |
| Farm | 3 | |
| Blacksmith | 2 | |
| Workshop | 3 | |
| Cannon Tower | 3 | |
75 total
» build order
00:41 Scout Tower
00:50 Lumber Mill
01:10 Arcane Tower
01:19 Scout Tower
01:22 Scout Tower
01:25 Scout Tower
01:30 Scout Tower
01:59 Guard Tower
02:09 Guard Tower
02:21 Guard Tower
02:32 Guard Tower
02:40 Scout Tower
02:44 Scout Tower
02:45 Scout Tower
02:49 Scout Tower
02:52 Scout Tower
03:20 Guard Tower
03:34 Guard Tower
04:13 Guard Tower
04:33 Keep
05:40 Scout Tower
05:42 Scout Tower
05:45 Scout Tower
05:49 Scout Tower
05:53 Scout Tower
05:58 Scout Tower
06:04 Scout Tower
06:09 Scout Tower
06:25 Scout Tower
06:30 Guard Tower
06:34 Guard Tower
06:51 Guard Tower
07:03 Guard Tower
07:11 Scout Tower
07:16 Scout Tower
07:19 Scout Tower
07:33 Guard Tower
07:54 Altar of Kings
09:08 Castle
09:14 Scout Tower
09:19 Farm
09:24 Farm
09:32 Farm
09:38 Guard Tower
09:41 Guard Tower
10:07 Blacksmith
11:29 Workshop
12:22 Lumber Mill
13:36 Scout Tower
13:37 Scout Tower
13:38 Scout Tower
13:59 Scout Tower
14:02 Scout Tower
14:06 Scout Tower
14:09 Scout Tower
14:12 Scout Tower
14:14 Scout Tower
14:17 Scout Tower
14:21 Scout Tower
14:37 Cannon Tower
14:43 Guard Tower
14:45 Guard Tower
14:51 Scout Tower
14:55 Guard Tower
14:58 Scout Tower
15:05 Guard Tower
15:10 Scout Tower
15:13 Cannon Tower
15:25 Scout Tower
15:31 Guard Tower
15:36 Cannon Tower
15:55 Guard Tower
16:56 Workshop
17:01 Workshop
17:47 Blacksmith
Chat log
(00:23 / All) CHRONICjOKE: hey guys first game
(00:28 / All) CHRONICjOKE: ew, my guys look UGLY
(00:47 / All) CHRONICjOKE: is there like a costume pack I can dl?
(01:29 / All) CHRONICjOKE: why are all these trees here?
(01:37 / All) NY.Yankees: u smoke them
(01:43 / Allies) kendokhan: yup
(01:43 / All) CHRONICjOKE: HOLLA
(02:02 / All) NY.Yankees: puff puff pass
(02:29 / All) NY.Yankees:
(02:34 / All) CHRONICjOKE: i put my thumb on after i light it right?
(02:42 / All) NY.Yankees: Virus Enabled!
(05:32 / All) CHRONICjOKE: manual of health, what is that a mexican doctor?
(05:50 / All) NY.Yankees: yea
(05:55 / All) CougarTown: i dont get the joke
(06:11 / All) CHRONICjOKE: tough crowd...wakka wakka
(08:44 / Allies) kendokhan: ty
(09:31 / Allies) CHRONICjOKE: pink can you feed at least plz...
(10:30 / Allies) CHRONICjOKE: hero at least?
(11:33 / Allies) kendokhan: i got it
(12:44 / Allies) CHRONICjOKE: pink
(12:48 / Allies) CHRONICjOKE: kill yourself at least?
(13:35 / Allies) CHRONICjOKE: repair
(13:36 / Allies) CHRONICjOKE: i come
(16:50 / Allies) CHRONICjOKE: main